 Dungeon Crawl Stone Soup version 0.31.0-9-g3a7656b989 (console) character file.

Game seed: 16995168118493001909

184133 AlterAsc the Brawler (level 18, -6/130 HPs)
             Began as an Octopode Shapeshifter on Jan 26, 2024.
             Was an Initiate of Gozag.
             Killed from afar by a deep elf pyromancer (11 damage)
             ... with a bolt of fire
             ... on level 2 of the Elven Halls.
             The game lasted 01:54:48 (37292 turns).

AlterAsc the Brawler (Octopode Shapeshifter)       Turns: 37292, Time: 01:54:49

Health: -6/130     AC:  9    Str: 31    XL:     18   Next: 39%
Magic:  18/18      EV: 28    Int: 19    God:    Gozag
Gold:   544        SH:  0    Dex: 11    Spells: 17/17 levels left

rFire   + .          .
                       - Unarmed
rCold   + . .        V - melded +0 buckler
rNeg    . . .        (helmet restricted)
rPois   +            C - amulet of the Fuzzy Lime {RegenMP rF+ Str+3}
rElec   .            q - +5 ring of evasion
rCorr   .            r - ring "Divul" {^Drain rPois Str+2 Slay+4 Stlth+}
SInv    .            U - +4 ring of slaying
Will    +....        Q - +5 ring of evasion
Stlth   +++++        b - +4 ring of protection
HPRegen 0.41/turn    m - ring of protection from cold
MPRegen 0.56/turn    B - ring of the Thirsty Olives {Str+6 Int+5}
                     I - +4 ring of protection

%: no passive effects
@: about to teleport, blade tentacles, hasted, studying Invocations, very quick
A: almost no armour, amphibious, 8 rings, camouflage 1, gelatinous body 1,
(nimble swimmer 1), tentacles
a: Begin Untransformation, Renounce Religion, Potion Petition, Call Merchant,
Bribe Branch


You were on level 2 of the Elven Halls.
You worshipped Gozag.
Gozag was pleased with you.
You had blades for main tentacles.
You visited 7 branches of the dungeon, and saw 30 of its levels.
You also visited: Ossuary, Bailey and Ice Cave.

You collected 10229 gold pieces.
You spent 3032 gold pieces at shops.
You paid 6653 gold pieces to Gozag.

Inventory:

Hand Weapons
 W - a +0 trident
Missiles
 c - 4 silver javelins
 e - 27 poisoned darts (quivered)
Armour
 V - a +0 buckler (melded)
Jewellery
 b - a +4 ring of protection (on tentacle)
 m - a ring of protection from cold (on tentacle)
 q - a +5 ring of evasion (left blade tentacle)
 r - the ring "Divul" (right blade tentacle) {^Drain rPois Str+2 Slay+4 Stlth+}
   (You found it on level 3 of the Dungeon)

   [ring of slaying]

   Str+2:     It affects your strength (+2).
   Slay+4:    It affects your accuracy & damage with ranged weapons and melee
   (+4).
   rPois:     It protects you from poison ^Drain: It drains your maximum health
   when unequipped.
   Stlth+:    It makes you more stealthy.
 z - a ring of flight
 B - the ring of the Thirsty Olives (on tentacle) {Str+6 Int+5}
   (You found it on level 3 of the Spider Nest)

   [ring of strength]

   Str+6:     It affects your strength (+6).
   Int+5:     It affects your intelligence (+5).
 C - the amulet of the Fuzzy Lime (around mantle) {RegenMP rF+ Str+3}
   (You took it off Jorgrun on level 1 of the Spider Nest)

   [amulet of magic regeneration]

   RegenMP:   It increases your rate of magic regeneration.
   Str+3:     It affects your strength (+3).
   rF+:       It protects you from fire.
 F - a +6 ring of dexterity
 I - a +4 ring of protection (on tentacle)
 J - a ring of protection from cold
 Q - a +5 ring of evasion (on tentacle)
 U - a +4 ring of slaying (on tentacle)
Talismans
 s - a blade talisman (active)
Wands
 k - a wand of flame (40)
 x - a wand of mindburst (20)
 y - a wand of quicksilver (5)
 L - a wand of polymorph (12)
 N - a wand of paralysis (37)
 Y - a wand of iceblast (13)
Scrolls
 d - 3 scrolls of teleportation
 f - 2 scrolls of brand weapon
 i - 5 scrolls of revelation
 j - 7 scrolls of poison
 t - 4 scrolls of immolation
 u - 4 scrolls of noise
 v - 3 scrolls of fog
 A - a scroll of torment
 D - 3 scrolls of identify
 H - a scroll of vulnerability
 K - 2 scrolls of silence
 M - 7 scrolls of amnesia
 O - 2 scrolls of summoning
 R - 2 scrolls of fear
 T - 3 scrolls of enchant weapon
Potions
 a - 5 potions of lignification
 g - 12 potions of attraction
 l - 3 potions of might
 n - 9 potions of mutation
 o - 2 potions of curing
 p - a potion of resistance
 w - 2 potions of enlightenment
 E - 2 potions of berserk rage
 P - 2 potions of brilliance
 S - 2 potions of invisibility
 X - 4 potions of cancellation
 Z - a potion of magic {unknown}
Miscellaneous
 h - a sack of spiders


   Skills:
 + Level 13.7 Fighting
 + Level 13.5 Dodging
 - Level 6.0 Stealth
 - Level 0.2 Shields
 + Level 20.7 Unarmed Combat
 - Level 16.0 Shapeshifting


You had 17 spell levels left.
You didn't know any spells.
Your spell library contained the following spells:

 Spells                   Type           Power      Damage    Failure   Level
 Apportation              Tloc           0%         N/A       21%         1
 Kiss of Death            Conj/Necr      0%         2d5       21%         1
 Shock                    Conj/Air       0%         1d3       21%         1
 Call Imp                 Summ           0%         N/A       30%         2
 Ensorcelled Hibernation  Hex/Ice        0%         N/A       30%         2
 Jinxbite                 Hex            0%         N/A       30%         2
 Sublimation of Blood     Necr           0%         N/A       30%         2
 Confusing Touch          Hex            0%         N/A       52%         3
 Fugue of the Fallen      Necr           0%         N/A       52%         3
 Ozocubu's Armour         Ice            0%         N/A       52%         3
 Stone Arrow              Conj/Erth      0%         3d7       52%         3
 Tukima's Dance           Hex            0%         N/A       52%         3
 Volatile Blastmotes      Fire/Tloc      0%         2d10      52%         3
 Anguish                  Hex/Necr       0%         N/A       90%         4
 Brom's Barrelling Bould  Conj/Erth      0%         2d3       90%         4
 Dispel Undead            Necr           0%         3d6       90%         4
 Flame Wave               Conj/Fire      0%         2d4       90%         4
 Fulminant Prism          Conj/Alch      0%         3d5       90%         4
 Iskenderun's Mystic Bla  Conj/Tloc      0%         2d3       90%         4
 Passage of Golubria      Tloc           0%         N/A       90%         4
 Petrify                  Alch/Erth      0%         N/A       90%         4
 Summon Blazeheart Golem  Fire/Summ      0%         N/A       90%         4
 Summon Lightning Spire   Summ/Air       0%         N/A       90%         4
 Alistair's Intoxication  Alch           0%         N/A       99%         5
 Fireball                 Conj/Fire      0%         3d3       99%         5
 Irradiate                Conj/Alch      0%         3d11      99%         5
 Iskenderun's Battlesphe  Conj           0%         2d6       99%         5
 Lee's Rapid Deconstruct  Erth           0%         3d4*      99%         5
 Metabolic Englaciation   Hex/Ice        0%         N/A       99%         5
 Silence                  Hex/Air        0%         N/A       99%         5
 Yara's Violent Unravell  Hex/Alch       0%         3d3       99%         5
 Bombard                  Conj/Erth      0%         9d1       100%        6
 Conjure Ball Lightning   Conj/Air       0%         3x3d6     100%        6
 Sculpt Simulacrum        Ice/Alch       0%         N/A       100%        6
 Haunt                    Necr/Summ      0%         N/A       100%        7
 Malign Gateway           Summ/Tloc      0%         N/A       100%        7
 Orb of Destruction       Conj           0%         9d5       100%        7
 Spellforged Servitor     Conj/Summ      0%         N/A       100%        7
 Summon Hydra             Summ           0%         N/A       100%        7
 Infestation              Necr           0%         N/A       100%        8
 Lehudib's Crystal Spear  Conj/Erth      0%         10d2      100%        8
 Summon Horrible Things   Summ           0%         N/A       100%        8
 Animate Armour           Summ/Erth      Unusable   N/A       N/A         4
 Animate Dead             Necr           Unusable   N/A       N/A         4

Dungeon Overview and Level Annotations

Branches:
Dungeon (15/15)            Temple (1/1) D:5            Lair (5/5) D:9
 Shoals (2/4) Lair:3       Spider (3/4) Lair:3        Slime (0/5) Lair:4
    Orc (2/2) D:10            Elf (2/3) Orc:2        Vaults (0/5) D:14
Ossuary (visited)          Bailey (visited)           IceCv (visited)
 Depths: D:15

Altars:
Ashenzari
Cheibriados
Dithmenos
Elyvilon
Fedhas
Gozag
Hepliaklqana
Kikubaaqudgha
Makhleb
Nemelex Xobeh
Okawaru
Qazlal
Ru
Sif Muna
Trog
Uskayaw
Vehumet
Wu Jian
Xom
Yredelemnul
Zin
The Shining One
Jiyva

Shops:
D:4 **   D:5 *   D:9 !*   D:15 *   Orc:2 =[(*   Elf:1 =   Lair:2 ?*
Shoals:1 ?

Portals:
Hell: Lair:5

Annotations:
Lair:1 2 transporters, kalagan's ghost, journeyman DECj
Elf:2 5 runed translucent doors


Innate Abilities, Weirdness & Mutations

You have blades for main tentacles.
You are incapable of wielding weapons or throwing items.
You cannot wear most types of armour.
You are amphibious.
You can wear up to eight rings at the same time.
Your skin changes colour to match your surroundings (Stealth+).
Your rubbery body absorbs attacks. (AC +1, EV +1)
((You are camouflaged when in or above water. (Stealth+)))
You have tentacles for arms and can constrict up to eight enemies at once.


Message History

You slash the +4 mace of protection!
The +4 mace of protection turns to gold and falls from the air.
A deep elf pyromancer comes into view. It is wielding a +0 long sword.
You hear some strange, mumbled words.
You shred the deep elf pyromancer!!!
You kill the deep elf pyromancer!
You hear a shout!
You hear a bow twang.
An arrow appears from out of thin air!
The arrow misses you.
The deep elf pyromancer mumbles some strange words.
You hear a bow twang.
An arrow appears from out of thin air!
The arrow hits you!
A deep elf pyromancer comes into view.
It is wielding a +4 long sword of holy wrath.
Things that are here:
6 gold pieces; a +0 long sword You hear a bow twang.
An arrow appears from out of thin air!
The arrow hits you!
You see here a granite talisman.
You feel yourself speed up.
You hear a bow twang.
An arrow appears from out of thin air!
The arrow hits you!
* * * LOW HITPOINT WARNING * * *
You hear a bow twang.
An arrow appears from out of thin air!
The arrow hits you!
* * * LOW HITPOINT WARNING * * *
The deep elf pyromancer casts a spell at you.
The bolt of fire misses you.
Okay, then.
As you read the scroll of teleportation, it crumbles to dust.
You feel strangely unstable.
You hear a bow twang.
An arrow appears from out of thin air!
The arrow closely misses you.
The deep elf pyromancer mumbles some strange words.
The deep elf pyromancer blinks!
You hear a bow twang.
An arrow appears from out of thin air!
The arrow hits you!
* * * LOW HITPOINT WARNING * * *
The deep elf pyromancer points at you and mumbles some strange words.
The bolt of fire hits you! You resist.
You die...
Your body crumbles into a pile of gold.

#......# #.
#.##......####+#.°.
#.##............#°# ...
..##............... #...
####.##..<.....e○○°#.#
.##+##....##........E.§e...
##...##...##.......°....#.#
#.....#...##....@E☼.......#
#.....#...('.......$...>.#
#.....#...##.....${......#
##...##...##.............+
.#####...###....$$$......#
.........# #....<........#
........## #.............#
#.....### #.............#
##...## #......#.....[#
#...# #.............+ #...#
#..........)..


You could see 2 deep elf pyromancers and 2 fire elementals.

Vanquished Creatures
  Nikola (Shoals:1)
  Jorgrun (Spider:1)
  A lich (IceCv)
  Donald (Spider:3)
  2 emperor scorpions
  A frost giant (D:15)
  An orc warlord (Orc:2)
  2 broodmothers (Spider:3)
  2 deep elf annihilators (Elf:1)
  A dire elephant (Lair:5)
  A merfolk impaler (Shoals:1)
  6 entropy weavers
  A rakshasa (D:14)
  2 caustic shrike simulacra (IceCv)
  2 jorogumos
  3 hydras
  2 catoblepae (Lair:5)
  3 ogre magi
  11 boulder beetles
  5 demonic crawlers
  4 centaur warriors
  9 two-headed ogres
  A death yak (Lair:5)
  5 dancing weapons
  3 orc high priests
  3 tengu warriors
  Urug (Lair:4)
  An occultist (Lair:5)
  6 deep elf knights (Elf:1)
  A fire crab (Lair:4)
  4 skysharks
  4 sea snakes
  A skeletal warrior (D:11)
  A sixfirhy (Lair:5)
  5 orb spiders
  A pharaoh ant (Spider:2)
  A sun moth (Spider:1)
  An obsidian statue (IceCv)
  5 spriggan simulacra
  7 deep elf archers
  4 bog bodies (IceCv)
  5 steelbarb worms
  2 necromancers
  A steelbarb worm (shapeshifter) (Elf:2)
  20 deep elf pyromancers
  12 deep elf zephyrmancers
  Pikel (D:6)
  5 harpies (Shoals:1)
  A wolf spider zombie (D:14)
  8 orc sorcerers
  5 orc knights
  22 ugly things
  4 cyclopes
  13 wolf spiders
  A centaur zombie (D:14)
  A manticore (Shoals:1)
  A guardian serpent (shapeshifter) (Elf:1)
  6 meliai
  6 elephants (Lair:4)
  3 kobold blastminers (Orc:2)
  5 water nymphs
  2 black mambas
  Joseph (D:8)
  2 gargoyles (D:11)
  A komodo dragon (shapeshifter) (D:14)
  4 rime drakes
  2 torpor snails
  2 yaktaurs (D:11)
  An orange demon (Lair:5)
  12 cane toads
  11 komodo dragons
  3 kobold demonologists
  22 freezing wraiths
  3 unseen horrors (D:12)
  5 anaconda simulacra (IceCv)
  2 tengu conjurers
  2 efreet
  3 ice devils
  A polar bear (Lair:4)
  A hellwing (Lair:5)
  3 red devils (Lair:5)
  4 merfolk
  A polar bear (shapeshifter) (D:15)
  2 burning bushes (Lair:4)
  19 tarantellas
  An alligator simulacrum (IceCv)
  A hornet (D:10)
  7 trolls
  2 wind drakes (Shoals:1)
  9 blink frogs
  5 snapping turtles
  2 air elementals (Elf:1)
  2 dream sheep (Shoals:1)
  11 slime creatures
  12 jumping spiders
  18 culicivoras
  5 water elementals
  A spriggan (shapeshifter) (D:14)
  A shadow (D:11)
  5 wraiths
  4 wyverns
  4 dire elephant simulacra
  A hog (shapeshifter) (D:14)
  8 basilisks
  A golden eye (shapeshifter) (D:15)
  6 wargs
  53 yaks
  47 redbacks
  2 minotaur simulacra
  3 steam dragons
  A harpy simulacrum (IceCv)
  5 vampire mosquitoes
  Edmund (D:4)
  3 hell hounds (Lair:5)
  23 water moccasins
  5 black bears
  31 orc warriors
  2 sky beasts
  4 ettin simulacra (IceCv)
  12 ogres
  14 wolves
  13 centaurs
  3 lemures (D:6)
  2 phantoms (D:6)
  4 kobold brigands
  14 bullfrogs
  A weeping skull (Ossuary)
  6 gnoll sergeants
  4 water moccasin zombies (Ossuary)
  4 deep troll simulacra
  3 scorpions
  4 wights (D:7)
  12 killer bees
  4 lindwurm simulacra
  6 howler monkeys
  2 electric eels (Lair:2)
  A hound (D:4)
  2 jellies
  8 orc priests
  3 gnoll boudas (D:5)
  3 iguanas
  3 sleepcaps
  A spectral scorpion (Ossuary)
  21 orc wizards
  2 crocodile zombies (Ossuary)
  A boggart simulacrum (D:15)
  2 mummies (Ossuary)
  39 gnolls
  6 adders
  2 adder zombies (Ossuary)
  3 dart slugs
  62 orcs
  8 bats
  8 endoplasms
  7 giant cockroaches
  18 goblins
  10 hobgoblins
  6 jackals (D:5)
  8 kobolds
  3 quokkas
  6 ball pythons
  3 frilled lizards
  9 gnoll zombies (Ossuary)
  2 jackal zombies (Ossuary)
  4 orc zombies (Ossuary)
  5 rats
998 creatures vanquished.

Notes
Turn   | Place    | Note
-------+----------+-------------------------------------------
     0 | D:1      | AlterAsc the Octopode Shapeshifter began the quest for the
                  | Orb.
     0 | D:1      | Reached XP level 1. HP: 13/13 MP: 1/1
    61 | D:1      | Reached XP level 2. HP: 10/18 MP: 2/2
   103 | D:1      | You fall into a shaft and drop 1 floor!
   359 | D:1      | Reached skill level 4 in Unarmed Combat
   808 | D:1      | Reached XP level 3. HP: 23/23 MP: 3/3
  1127 | D:2      | Found an ancient bone altar of Kikubaaqudgha.
  2138 | D:3      | Identified the ring "Divul" {^Drain rPois Str+2 Slay+4
                  | Stlth+}
  2385 | D:3      | Reached skill level 5 in Unarmed Combat
  2385 | D:3      | Reached XP level 4. HP: 25/28 MP: 4/4
  2469 | D:3      | Reached XP level 5. HP: 30/33 MP: 5/5
  3191 | D:4      | Reached skill level 6 in Unarmed Combat
  3285 | D:5      | Entered Level 5 of the Dungeon
  3415 | D:4      | Reached XP level 6. HP: 31/38 MP: 6/6
  3426 | D:4      | Noticed a black bear
  3507 | D:5      | Reached skill level 7 in Unarmed Combat
  3840 | D:5      | Reached XP level 7. HP: 37/43 MP: 7/7
  3949 | D:5      | Found a staircase to the Ecumenical Temple.
  3985 | Temple   | Entered the Ecumenical Temple
  3998 | Temple   | Became a worshipper of Gozag Ym Sagoz the Greedy
  4126 | D:4      | Reached skill level 8 in Unarmed Combat
  4239 | D:4      | Noticed Edmund
  4259 | D:4      | Killed Edmund
  4344 | D:4      | Reached skill level 9 in Unarmed Combat
  4429 | D:4      | Found Peofaad's Assorted Antiques.
  4440 | D:4      | Bought an ivory ring for 155 gold pieces
  4507 | D:4      | Found Daheron's Assorted Antiques.
  4513 | D:4      | Bought a square filigree amulet for 115 gold pieces
  4780 | D:5      | Reached XP level 8. HP: 48/48 MP: 8/8
  4821 | D:5      | Found Zacirux's General Store.
  5733 | D:6      | Noticed a yak
  5733 | D:6      | Noticed a yak
  5733 | D:6      | Noticed a yak
  5735 | D:6      | Noticed a yak
  5735 | D:6      | Noticed a yak
  5740 | D:6      | Killed a yak
  5741 | D:6      | Reached skill level 10 in Unarmed Combat
  5743 | D:6      | Killed a yak
  5746 | D:6      | Killed a yak
  5748 | D:6      | Killed a yak
  5749 | D:6      | Reached skill level 11 in Unarmed Combat
  5757 | D:6      | Killed a yak
  5758 | D:6      | Reached XP level 9. HP: 53/53 MP: 9/9
  5827 | D:6      | Noticed Pikel
  5962 | D:7      | Found a sand-covered staircase.
  5976 | Ossuary  | Entered an ossuary
  6011 | Ossuary  | Reached skill level 12 in Unarmed Combat
  6357 | D:7      | Reached skill level 13 in Unarmed Combat
  6619 | D:7      | Found a broken altar of Ashenzari.
  6626 | D:7      | Found a glowing golden altar of the Shining One.
  7076 | D:6      | Killed Pikel
  7077 | D:6      | Reached skill level 14 in Unarmed Combat
  7077 | D:6      | Reached XP level 10. HP: 58/58 MP: 10/10
  7390 | D:6      | Reached skill level 15 in Unarmed Combat
  7716 | D:8      | Identified the +0 leather armour of Zin's Favour {rC+ Will+
                  | rCorr}
  8365 | D:8      | Noticed Joseph
  8379 | D:8      | Killed Joseph
  8527 | D:8      | Found a glowing silver altar of Zin.
  8608 | D:9      | Found Caick's Assorted Antiques.
  8616 | D:9      | Bought a +5 ring of evasion for 972 gold pieces
  8631 | D:9      | Found a shimmering altar of Xom.
  8734 | D:9      | Found a staircase to the Lair.
  8832 | D:9      | Found a flagged portal.
  8850 | Bailey   | Entered a bailey
  8999 | Bailey   | Reached skill level 5 in Shapeshifting
  9043 | Bailey   | Reached XP level 11. HP: 67/67 MP: 11/11
  9117 | Bailey   | Noticed an orc knight
  9123 | Bailey   | Identified the ring "Haguphacw" {MP+9 Str+3 Int+6}
  9172 | Bailey   | Noticed an orc warlord
 10030 | Lair:1   | Entered Level 1 of the Lair of Beasts
 10154 | Lair:1   | You fall into a shaft and drop 1 floor!
 10168 | Lair:2   | Reached skill level 5 in Dodging
 10414 | Lair:1   | Found a transporter.
 10504 | Lair:1   | Noticed kalagan's ghost (journeyman DECj)
 10506 | Lair:1   | Found the +7 captain's cutlass {speed, disarm}
 10573 | Lair:1   | Reached skill level 5 in Fighting
 10637 | Lair:1   | Noticed a five-headed hydra
 11075 | Lair:1   | Found a transporter.
 11183 | Lair:1   | Reached XP level 12. HP: 35/78 MP: 6/12
 11713 | Lair:2   | Noticed a skyshark
 11850 | Lair:2   | Identified the +8 falchion "Vanoc" {freeze, Fly rN+++
                  | Int+5}
 11933 | Lair:2   | Killed a skyshark
 12443 | Lair:1   | Killed a five-headed hydra
 12730 | D:10     | Entered Level 10 of the Dungeon
 13376 | D:10     | Found a staircase to the Orcish Mines.
 13901 | D:4      | Bought a scroll of identify for 46 gold pieces
 13921 | D:5      | Bought a scroll of identify for 26 gold pieces
 14077 | Lair:3   | Reached skill level 10 in Shapeshifting
 14236 | Lair:3   | Found a hole to the Spider Nest.
 14391 | Lair:3   | Noticed a boulder beetle
 14403 | Lair:3   | Killed a boulder beetle
 14467 | Lair:3   | Noticed a boulder beetle
 14485 | Lair:3   | Killed a boulder beetle
 14592 | Lair:3   | Reached XP level 13. HP: 88/88 MP: 13/13
 15170 | Lair:4   | Noticed Urug
 15375 | Lair:4   | Killed Urug
 15969 | Lair:4   | Found a viscous altar of Jiyva.
 15973 | Lair:4   | Found a staircase to the Slime Pits.
 16401 | Orc:1    | Entered Level 1 of the Orcish Mines
 17642 | D:11     | Reached XP level 14. HP: 97/97 MP: 14/14
 17824 | D:11     | Noticed a fire giant
 18352 | Orc:2    | Entered Level 2 of the Orcish Mines
 18368 | Orc:2    | Noticed an orc warlord
 18447 | Orc:1    | Reached skill level 10 in Dodging
 18874 | Orc:1    | Reached skill level 10 in Fighting
 18975 | Orc:2    | Found Boeletaa's General Store.
 19121 | Orc:2    | Bought a +6 ring of dexterity for 540 gold pieces
 19121 | Orc:2    | Bought a scroll of identify for 30 gold pieces
 19397 | Orc:2    | Found Ytyigg's Antique Weapon Emporium.
 19682 | Orc:2    | Paralysed by an orc sorcerer for 2 turns
 19780 | Orc:2    | Found Niras's Antique Armour Boutique.
 19849 | Orc:2    | Found Ihat's Jewellery Shop.
 19910 | Orc:2    | Found a staircase to the Elven Halls.
 19912 | Orc:2    | Bought a +4 ring of protection for 504 gold pieces
 20128 | Orc:2    | Killed an orc warlord
 20809 | Lair:5   | Entered Level 5 of the Lair of Beasts
 20832 | Lair:5   | Reached skill level 1 in Stealth
 21689 | Lair:5   | Noticed a dire elephant
 21704 | Lair:5   | Killed a dire elephant
 21705 | Lair:5   | Reached skill level 5 in Stealth
 21772 | Lair:5   | Reached XP level 15. HP: 65/103 MP: 9/15
 21997 | Lair:5   | Found a burning altar of Makhleb.
 22004 | Lair:5   | Found a gateway to Hell.
 22299 | Lair:2   | Bought 2 potions of heal wounds for 140 gold pieces
 22299 | Lair:2   | Bought a potion of lignification for 42 gold pieces
 22301 | Lair:2   | Bought a scroll of teleportation for 45 gold pieces
 22301 | Lair:2   | Bought a scroll of fog for 60 gold pieces
 22301 | Lair:2   | Bought a scroll of teleportation for 45 gold pieces
 22301 | Lair:2   | Bought a scroll of identify for 30 gold pieces
 22301 | Lair:2   | Bought a scroll of identify for 30 gold pieces
 22301 | Lair:2   | Bought a scroll of identify for 30 gold pieces
 22301 | Lair:2   | Bought a scroll of identify for 30 gold pieces
 23149 | D:12     | Reached skill level 15 in Shapeshifting
 23394 | D:12     | Reached skill level 16 in Unarmed Combat
 24880 | D:14     | Found a gate to the Vaults.
 25902 | D:15     | Entered Level 15 of the Dungeon
 25969 | D:15     | Reached skill level 17 in Unarmed Combat
 26188 | D:15     | Reached XP level 16. HP: 100/109 MP: 14/16
 26307 | D:15     | Bought a potion of invisibility for 120 gold pieces
 26307 | D:15     | Bought a wand of iceblast (2) for 72 gold pieces
 26388 | D:15     | Reached skill level 18 in Unarmed Combat
 27239 | Shoals:1 | Entered Level 1 of the Shoals
 27257 | Shoals:1 | Noticed Nikola
 27318 | Shoals:1 | Found a glacial archway.
 27422 | IceCv    | Entered an ice cave
 28082 | IceCv    | Found an ancient bone altar of Kikubaaqudgha.
 28087 | IceCv    | Reached skill level 19 in Unarmed Combat
 28493 | IceCv    | Noticed a lich
 28498 | IceCv    | Killed a lich
 29738 | Shoals:1 | Killed Nikola
 30333 | Shoals:2 | Reached XP level 17. HP: 75/117 MP: 14/17
 30594 | Spider:1 | Entered Level 1 of the Spider Nest
 30603 | Spider:1 | Noticed Jorgrun
 30612 | Spider:1 | Identified the amulet of the Fuzzy Lime {RegenMP rF+ Str+3}
 30623 | Spider:1 | Killed Jorgrun
 33052 | Spider:2 | Reached skill level 20 in Unarmed Combat
 33125 | Spider:2 | Identified the +4 long sword of Nolo Contendere {speed,
                  | +Blink Str+3 Dex-2}
 33818 | Spider:3 | Noticed Donald
 33826 | Spider:3 | Killed Donald
 33898 | Spider:3 | Identified the ring of the Thirsty Olives {Str+6 Int+5}
 35499 | Elf:1    | Entered Level 1 of the Elven Halls
 35579 | Elf:1    | Reached XP level 18. HP: 56/128 MP: 18/18
 36304 | Elf:1    | Got the Opusculum on the Discharge
 37129 | Elf:2    | Found a runed translucent gate.
 37130 | Elf:2    | Found a runed translucent gate.
 37246 | Elf:2    | Found a runed translucent gate.
 37248 | Elf:2    | Found a runed translucent gate.
 37249 | Elf:2    | Found a runed translucent gate.
 37292 | Elf:2    | HP: 5/130 [something (12)]
 37292 | Elf:2    | Killed from afar by a deep elf pyromancer

Illustrated notes

Levels and vault maps discovered:
D:1:      roderic_dead_forest, layout_basic
D:2:      layout_basic, basic_altar
D:3:      layout_basic, minmay_stone_trees_small
D:4:      layout_basic, serial_shops, nicolae_shop_overgrown_old_shop, shop,
          uniq_edmund
D:5:      layout_layer_cave, minmay_temple_entry_fiery, serial_co_window_serial,
          co_window_paths_b, co_window_paths_a, co_window_of_opportunity_a,
          co_window_paths_a, co_window_of_opportunity_a, co_window_corner_cb,
          co_window_corner_b, co_window_cross_3, co_window_paths_e,
          co_window_4corner_b, glass_columns_a, glass_columns_a, serial_shops,
          shop
D:6:      layout_loops_cross, uniq_pikel
D:7:      layout_cave_pools, mainiacjoe_overflow_big_doors,
          nicolae_ossuary_entry_monument
D:8:      layout_cave_pools, mainiacjoe_overflow_alcove_4, minmay_misc_feat_chi,
          uniq_joseph
D:9:      layout_long_grid, lemuel_tele_altar, due_lair_maze_entry_diamond,
          serial_shops, shop, enter_bailey_3, dk_noncrumbling_3
D:10:     layout_basic, kennysheep_orc_monster_closet_entryway,
          nicolae_zig_zag_zippers
D:11:     minmay_the_grid_net [minmay_the_grid_tiny_cups,
          minmay_the_grid_expand, minmay_the_grid_fan, minmay_the_grid_eight,
          minmay_the_grid_embedded, minmay_the_grid_prize_trominoes],
          layout_loops_ring, minmay_orc_keep
D:12:     layout_grid_maze, kennysheep_another_room
D:13:     layout_gridville
D:14:     layout_basic, david_vaults_2, wad_floor_pattern_untrapped,
          minmay_holes, minivault_23
D:15:     grunt_enter_depths_snipers, layout_basic,
          grunt_dithmenos_smoke_and_mirrors
Temple:   dpeg_three_leaves_temple
Lair:1:   layout_gridlike, nzn_ghost_randoct, grunt_megastairs_4,
          infiniplex_staircase_pool_2
Lair:2:   layout_gridlike, nicolae_quartered_pool_super, serial_bayou_pond_a,
          small_statue_intersection, lemuel_fruit_tree
Lair:3:   layout_regular_city, nicolae_shoals_entry_flooding,
          spider_nest_entry_webs, nzn_sisyphean_effort
Lair:4:   layout_big_grid, minmay_slime_entry_pillars,
          chequers_serial_rivers_small_3, evilmike_ambush
          [evilmike_ambush_outer_basic, evilmike_ambush_inner_basic],
          grunt_megastairs_1, uniq_urug
Lair:5:   evil_forest, layout_loops_ring
Shoals:1: layout_shoals, portal_ice_cave_entry_ice_simulacra, uniq_nikola
Shoals:2: layout_shoals, serial_shops, shop
Spider:1: layout_cave_pods, uniq_jorgrun
Spider:2: layout_spider_delve, drop_trap
Spider:3: layout_chambers, uniq_donald
Orc:1:    layout_caves
Orc:2:    grunt_orc_gardens, layout_caves, grunt_orc_garden, grunt_orc_garden,
          grunt_orc_garden, grunt_orc_garden
Elf:1:    nicolae_elf_arrival_fired_up, layout_loops_ring,
          minmay_elf_annihilation
Elf:2:    elven_hall_of_blades_hangedman_original
          [nicolae_blade_entry_antechamber], layout_gridlike, st_stairs_11,
          nicolae_gammafunk_elf_defective_weapons_storage

Skill      XL: |  1  2  3  4  5  6  7  8  9 10 11 12 13 14 15 16 17 18 |
---------------+-------------------------------------------------------+-----
Unarmed Combat | 4 5 6 7 9 11 14 15 17 19 20 | 20.7
Fighting       | 3 5 7 9 10 11 13 | 13.7
Shapeshifting  | 5 8 10 12 14 16 | 16.0
Dodging        | 3 6 8 9 10 11 12 13 | 13.5
Stealth        | 5 6 |  6.0
Shields        | |  0.2

Action                     |  1- 3 |  4- 6 |  7- 9 | 10-12 | 13-15 | 16-18 || total
---------------------------+-------+-------+-------+-------+-------+-------++-------
  Melee: Unarmed           |    77 |    73 |   187 |   429 |   690 |   640 ||  2096
         Tentacles         |    14 |    13 |    40 |    92 |   167 |   117 ||   443
         Constrict         |    17 |    20 |    38 |    72 |   116 |   113 ||   376
         Punch             |     4 |     5 |     9 |    49 |    85 |    77 ||   229
  Throw: Dart              |     1 |     9 |    34 |    29 |       |       ||    73
         Stone             |       |       |     2 |       |       |       ||     2
 Invoke: Call Merchant     |       |       |       |     1 |     2 |     3 ||     6
  Evoke: Wand              |       |     1 |       |     7 |     4 |       ||    12
    Use: Scroll            |       |     3 |     3 |    10 |    21 |     8 ||    45
         Potion            |       |     1 |     1 |     3 |    12 |     9 ||    26
   Stab: Sleeping          |     2 |     2 |     5 |     9 |    13 |    19 ||    50
         Distracted        |     1 |     1 |     2 |     6 |     4 |    11 ||    25
         Invisible         |       |       |       |       |       |     1 ||     1
 Armour: Skin              |    24 |    56 |    61 |   129 |   244 |   297 ||   811
  Dodge: Dodged            |    41 |    44 |    91 |   245 |   606 |   617 ||  1644
  Block: Kite shield       |       |       |       |   101 |       |       ||   101
         Buckler           |       |       |       |     1 |     6 |     8 ||    15
   Form: Blade             |       |       |       |     1 |       |       ||     1
